SL
NEW AMSTERDAM DUTCHMEN @ CHICAGO GOLD SOX
08/18/2031
 
TOP OF THE 1ST
New Amsterdam Dutchmen batting - Pitching for Chicago Gold Sox : RHP Tony Alfonso
Pitching: RHP Tony Alfonso
Batting: LHB Arthur Ryan 0-0: Swinging Strike
0-1: Ball
1-1: Called Strike
1-2: Ball
2-2: Ball
3-2: Strikes out looking
Batting: LHB Cornelius Taitt 0-0: Called Strike
0-1: Called Strike
0-2: Strikes out looking
Batting: RHB Jon Osterman 0-0: Called Strike
0-1: Swinging Strike
0-2: Strikes out swinging
Top of the 1st over - 0 runs, 0 hits, 0 errors, 0 left on base; New Amsterdam 0 - Chicago 0
BOTTOM OF THE 1ST
Chicago Gold Sox batting - Pitching for New Amsterdam Dutchmen : LHP Walt Coffman
Pitching: LHP Walt Coffman
Batting: LHB Shigenobu Ohayashi 0-0: Ball
1-0: Swinging Strike
1-1: Foul Ball, location: 2F
1-2: Ball
2-2: Ground out 1-3 (Groundball, 13S)
Batting: LHB Noel Ballard 0-0: Ball
1-0: Ball
2-0: Ball
3-0: Called Strike
3-1: Base on Balls
Batting: SHB Lupo Cotto 0-0: Called Strike
0-1: Ball
1-1: Foul Ball, location: 2F
1-2: Foul Ball, location: 2F
1-2: Foul Ball, location: 2F
1-2: Ball
2-2: Foul Ball, location: 2F
2-2: Foul Ball, location: 2F
2-2: Fly out, F8 (Flyball, 78S)
Batting: RHB Ben Kennerly 0-0: Swinging Strike
0-1: Swinging Strike
0-2: Foul Ball, location: 2F
Balk!
Noel Ballard to second
0-2: Fly out, F9 (Flyball, 9S)
Bottom of the 1st over - 0 runs, 0 hits, 0 errors, 1 left on base; New Amsterdam 0 - Chicago 0
TOP OF THE 2ND
New Amsterdam Dutchmen batting - Pitching for Chicago Gold Sox : RHP Tony Alfonso
Batting: LHB SaQwan Hackett 0-0: Swinging Strike
0-1: SOLO HOME RUN (Flyball, 9LD), Distance : 344 ft
Batting: LHB Félix López 0-0: Ball
1-0: Called Strike
1-1: Called Strike
1-2: Strikes out swinging
Batting: RHB Otis Brewer 0-0: Fly out, F7 (Flyball, 78M)
Batting: RHB David Pérez 0-0: Foul Ball, location: 2F
0-1: Ball
1-1: Swinging Strike
1-2: Strikes out swinging
Top of the 2nd over - 1 run, 1 hit, 0 errors, 0 left on base; New Amsterdam 1 - Chicago 0
BOTTOM OF THE 2ND
Chicago Gold Sox batting - Pitching for New Amsterdam Dutchmen : LHP Walt Coffman
Batting: LHB Sergio Rodríguez 0-0: Called Strike
0-1: Fly out, F4 (Flyball, 4MD)
Batting: RHB Zeus Preckwinkle 0-0: Ball
1-0: Ball
2-0: Ball
3-0: Base on Balls
Batting: RHB Jorge Baker 0-0: Ball
1-0: Ball
2-0: Called Strike
2-1: Foul Ball, location: 2F
2-2: Strikes out swinging
Batting: RHB Howard Lee 0-0: Ball
Zeus Preckwinkle is caught stealing 2nd base
Bottom of the 2nd over - 0 runs, 0 hits, 0 errors, 0 left on base; New Amsterdam 1 - Chicago 0
TOP OF THE 3RD
New Amsterdam Dutchmen batting - Pitching for Chicago Gold Sox : RHP Tony Alfonso
Batting: RHB Mario Rivera 0-0: Ball
1-0: Swinging Strike
1-1: Foul Ball, location: 2F
1-2: Ball
2-2: Ball
3-2: Strikes out swinging
Batting: LHB Roberto Valle 0-0: Ball
1-0: Fly out, F7 (Line Drive, 7)
Batting: LHB Arthur Ryan 0-0: Called Strike
0-1: Foul Ball, location: 2F
0-2: Ground out 1-3 (Groundball, 13S)
Top of the 3rd over - 0 runs, 0 hits, 0 errors, 0 left on base; New Amsterdam 1 - Chicago 0
BOTTOM OF THE 3RD
Chicago Gold Sox batting - Pitching for New Amsterdam Dutchmen : LHP Walt Coffman
Batting: RHB Howard Lee 0-0: Ball
1-0: Called Strike
1-1: Ball
2-1: Swinging Strike
2-2: Strikes out swinging
Batting: RHB Norman Winston 0-0: Called Strike
0-1: Ball
1-1: Ground out 4-3 (Groundball, 4S)
Batting: LHB Shigenobu Ohayashi 0-0: Ball
1-0: Foul Ball, location: 2F
1-1: Ball
2-1: Foul Ball, location: 2F
2-2: SOLO HOME RUN (Flyball, 9LD), Distance : 359 ft
Batting: LHB Noel Ballard 0-0: Ball
1-0: Foul Ball, location: 2F
1-1: Ground out U3 (Groundball, 3)
Bottom of the 3rd over - 1 run, 1 hit, 0 errors, 0 left on base; New Amsterdam 1 - Chicago 1
TOP OF THE 4TH
New Amsterdam Dutchmen batting - Pitching for Chicago Gold Sox : RHP Tony Alfonso
Batting: LHB Cornelius Taitt 0-0: Ball
1-0: Ball
2-0: Ball
3-0: Base on Balls
Batting: RHB Jon Osterman 0-0: Ball
1-0: Ball
2-0: Ball
3-0: Called Strike
3-1: Fielders Choice at 2nd, 1-4 (Groundball, 15S)
Batting: LHB SaQwan Hackett 0-0: Ball
1-0: Called Strike
1-1: Ball
2-1: Called Strike
Jon Osterman steals 2nd base
2-2: Fly out, F8 (Flyball, 8RM)
Batting: LHB Félix López 0-0: Ball
1-0: Ball
2-0: Called Strike
2-1: Called Strike
2-2: Strikes out looking
Top of the 4th over - 0 runs, 0 hits, 0 errors, 1 left on base; New Amsterdam 1 - Chicago 1
BOTTOM OF THE 4TH
Chicago Gold Sox batting - Pitching for New Amsterdam Dutchmen : LHP Walt Coffman
Batting: SHB Lupo Cotto 0-0: Foul Ball, location: 2F
0-1: Ball
1-1: Ball
2-1: Ball
3-1: Base on Balls
Batting: RHB Ben Kennerly 0-0: Ball
1-0: Called Strike
1-1: Called Strike
1-2: Foul Ball, location: 2F
1-2: Grounds into double play, 5-4-3 (Groundball, 56)
Batting: LHB Sergio Rodríguez 0-0: Ground out 3-1 (Groundball, 3D)
Bottom of the 4th over - 0 runs, 0 hits, 0 errors, 0 left on base; New Amsterdam 1 - Chicago 1
TOP OF THE 5TH
New Amsterdam Dutchmen batting - Pitching for Chicago Gold Sox : RHP Tony Alfonso
Batting: RHB Otis Brewer 0-0: Ball
1-0: Ball
2-0: Ball
3-0: Base on Balls
Batting: RHB David Pérez 0-0: Sac Bunt - play at first, batter OUT! 1-4
Otis Brewer to second
Batting: RHB Mario Rivera 0-0: Ball
1-0: Ball
2-0: Ball
3-0: Called Strike
3-1: Fly out, F8 (Line Drive, 89D)
Runner from 2nd tags up, SAFE at 3rd, no throw
Batting: LHB Roberto Valle 0-0: Ball
1-0: Ground out 6-3 (Groundball, 6)
Top of the 5th over - 0 runs, 0 hits, 0 errors, 1 left on base; New Amsterdam 1 - Chicago 1
BOTTOM OF THE 5TH
Chicago Gold Sox batting - Pitching for New Amsterdam Dutchmen : LHP Walt Coffman
Batting: RHB Zeus Preckwinkle 0-0: Ball
1-0: Foul Ball, location: 2F
1-1: Swinging Strike
1-2: Foul Ball, location: 2F
1-2: Strikes out swinging
Batting: RHB Jorge Baker 0-0: Foul Ball, location: 2F
0-1: Ball
1-1: Swinging Strike
1-2: Ball
2-2: Strikes out swinging
Batting: RHB Howard Lee 0-0: Fly out, F9 (Flyball, 89D)
Bottom of the 5th over - 0 runs, 0 hits, 0 errors, 0 left on base; New Amsterdam 1 - Chicago 1
TOP OF THE 6TH
New Amsterdam Dutchmen batting - Pitching for Chicago Gold Sox : RHP Tony Alfonso
Batting: LHB Arthur Ryan 0-0: Foul Ball, location: 2F
0-1: Called Strike
0-2: Foul Ball, location: 2F
0-2: Foul Ball, location: 2F
0-2: Ball
1-2: Strikes out swinging
Batting: LHB Cornelius Taitt 0-0: Ball
1-0: Ball
2-0: Foul Ball, location: 2F
2-1: Swinging Strike
2-2: Strikes out swinging
Batting: RHB Jon Osterman 0-0: Ball
1-0: Called Strike
1-1: Foul Ball, location: 2F
1-2: Strikes out looking
Top of the 6th over - 0 runs, 0 hits, 0 errors, 0 left on base; New Amsterdam 1 - Chicago 1
BOTTOM OF THE 6TH
Chicago Gold Sox batting - Pitching for New Amsterdam Dutchmen : LHP Walt Coffman
Batting: RHB Norman Winston 0-0: Ball
1-0: Ground out 6-3 (Groundball, 6)
Batting: LHB Shigenobu Ohayashi 0-0: Ball
1-0: Bunted foul
1-1: Ball
2-1: Swinging Strike
2-2: Ball
3-2: Foul Ball, location: 2F
3-2: Foul Ball, location: 2F
3-2: Foul Ball, location: 2F
3-2: Strikes out swinging
Batting: LHB Noel Ballard 0-0: Ball
1-0: Ball
2-0: Called Strike
2-1: Called Strike
2-2: Ball
3-2: Foul Ball, location: 2F
3-2: Ground out 4-3 (Groundball, 4)
Bottom of the 6th over - 0 runs, 0 hits, 0 errors, 0 left on base; New Amsterdam 1 - Chicago 1
TOP OF THE 7TH
New Amsterdam Dutchmen batting - Pitching for Chicago Gold Sox : RHP Tony Alfonso
Batting: LHB SaQwan Hackett 0-0: Called Strike
0-1: Called Strike
0-2: Strikes out swinging
Batting: LHB Félix López 0-0: Swinging Strike
0-1: Ground out 4-3 (Groundball, 4)
Batting: RHB Otis Brewer 0-0: Called Strike
0-1: Ball
1-1: Foul Ball, location: 2F
1-2: Ball
2-2: Foul Ball, location: 2F
2-2: Strikes out swinging
Top of the 7th over - 0 runs, 0 hits, 0 errors, 0 left on base; New Amsterdam 1 - Chicago 1
BOTTOM OF THE 7TH
Chicago Gold Sox batting - Pitching for New Amsterdam Dutchmen : LHP Walt Coffman
Batting: SHB Lupo Cotto 0-0: Called Strike
0-1: Foul Ball, location: 2F
0-2: Ball
1-2: Ball
2-2: Strikes out looking
Batting: RHB Ben Kennerly 0-0: Called Strike
0-1: Ball
1-1: Ball
2-1: Ball
3-1: Called Strike
3-2: Fly out, F4 (Popup, 4D)
Pinch Hitting: LHB Clay Rush 0-0: Ball
1-0: Swinging Strike
1-1: Ground out 4-3 (Groundball, 4)
Bottom of the 7th over - 0 runs, 0 hits, 0 errors, 0 left on base; New Amsterdam 1 - Chicago 1
TOP OF THE 8TH
New Amsterdam Dutchmen batting - Pitching for Chicago Gold Sox : RHP Tony Alfonso
Now in LF: Clay Rush
Pinch Hitting: LHB Jorge Vargas 0-0: Ball
1-0: Ball
2-0: Ball
3-0: Called Strike
3-1: Base on Balls
Batting: RHB Mario Rivera 0-0: Ball
1-0: Sac Bunt - play at first, batter OUT! 1-4
Jorge Vargas to second
Batting: LHB Roberto Valle 0-0: Hit by Pitch
Batting: LHB Arthur Ryan 0-0: Ball
1-0: Ball
2-0: Foul Ball, location: 2F
2-1: Foul Ball, location: 2F
2-2: Foul Ball, location: 2F
2-2: Ball
3-2: Strikes out looking
Batting: LHB Cornelius Taitt 0-0: Foul Ball, location: 2F
0-1: Ball
1-1: Ball
2-1: Called Strike
2-2: Ball
3-2: Base on Balls
Jorge Vargas to third
Roberto Valle to second
Batting: RHB Jon Osterman 0-0: Ball
1-0: Ball
2-0: SINGLE (Line Drive, 7S)
Jorge Vargas scores
Roberto Valle to third
Cornelius Taitt to second
Runner from 3rd tries for Home, SAFE, no throw
Batting: LHB SaQwan Hackett 0-0: Fly out, F7 (Line Drive, 78M)
Top of the 8th over - 2 runs, 1 hit, 0 errors, 2 left on base; New Amsterdam 3 - Chicago 1
BOTTOM OF THE 8TH
Chicago Gold Sox batting - Pitching for New Amsterdam Dutchmen : LHP Walt Coffman
Now at SS: Hank Wilder
Batting: RHB Zeus Preckwinkle 0-0: Ground out 6-3 (Groundball, 6)
Batting: RHB Jorge Baker 0-0: Called Strike
0-1: Foul Ball, location: 2F
0-2: Strikes out looking
Batting: RHB Howard Lee 0-0: Called Strike
0-1: Foul Ball, location: 2F
0-2: Ball
1-2: Ball
2-2: Strikes out swinging
Bottom of the 8th over - 0 runs, 0 hits, 0 errors, 0 left on base; New Amsterdam 3 - Chicago 1
TOP OF THE 9TH
New Amsterdam Dutchmen batting - Pitching for Chicago Gold Sox : RHP Tony Alfonso
Batting: LHB Félix López 0-0: Called Strike
0-1: Swinging Strike
0-2: Ball
1-2: Ball
2-2: Ball
3-2: Base on Balls
Pitching: RHP Gordon Neugebauer
Batting: RHB Otis Brewer 0-0: SINGLE (Groundball, 6MD)
Félix López to second
Runner from 2nd tries for 3rd, SAFE, no throw
Pitching: LHP Dan Crowder
Batting: RHB Hank Wilder 0-0: Ball
1-0: Foul Ball, location: 2F
1-1: Ball
2-1: Foul Ball, location: 2F
2-2: Strikes out swinging
Batting: RHB Mario Rivera 0-0: Ball
1-0: SINGLE (Flyball, 7LS)
Félix López scores
Otis Brewer to second
Batting: LHB Roberto Valle 0-0: Fielders Choice at 2nd, 2-6 (Groundball, 2R)
Otis Brewer to third
Batting: LHB Arthur Ryan 0-0: Ball
1-0: Fly out, F9 (Line Drive, 9S)
Top of the 9th over - 1 run, 2 hits, 0 errors, 2 left on base; New Amsterdam 4 - Chicago 1
BOTTOM OF THE 9TH
Chicago Gold Sox batting - Pitching for New Amsterdam Dutchmen : LHP Walt Coffman
Batting: RHB Norman Winston 0-0: Ball
1-0: Called Strike
1-1: Ground out 6-3 (Groundball, 6S)
Batting: LHB Shigenobu Ohayashi 0-0: Ball
1-0: Ball
2-0: Called Strike
2-1: Ground out 3-1 (Groundball, 34)
Batting: LHB Noel Ballard 0-0: Ball
1-0: Called Strike
1-1: Ball
2-1: Foul Ball, location: 2F
2-2: SINGLE (Groundball, 6MD)
Pitching: RHP Glenn Butler
Batting: SHB Lupo Cotto 0-0: Ball
1-0: Called Strike
1-1: Ball
2-1: Ball
3-1: Called Strike
3-2: Foul Ball, location: 2F
3-2: Ground out U3 (Groundball, 34S)
Bottom of the 9th over - 0 runs, 1 hit, 0 errors, 1 left on base; New Amsterdam 4 - Chicago 1
Tuesday, June 12th, 2018 - OOTP Baseball 18.8 Build 76